 Dungeon Crawl Stone Soup version 0.26-a0-599-gc8f6553d2c (webtiles) character file.

Game seed: 7225698680129949024

453436 Hores the Scorcher (level 24, -1/136 HPs)
             Began as a Gargoyle Earth Elementalist on Aug 29, 2020.
             Was the Champion of Vehumet.
             Killed from afar by an ancient champion (49 damage)
             ... with an iron shot
             ... on level 2 of the Crypt.
             The game lasted 02:48:34 (61303 turns).

Hores the Scorcher (Gargoyle Earth Elementalist)   Turns: 61303, Time: 02:48:35

Health: -1/136     AC: 37    Str: 21    XL:     24   Next: 34%
Magic:  4/41       EV: 20    Int: 46    God:    Vehumet [******]
Gold:   13186      SH:  0    Dex: 13    Spells: 14/52 levels left

rFire    + . .     SeeInvis +   w - +8 morningstar (drain)
rCold    + . .     Faith    .   (no shield)
rNeg     + . .     Spirit   .   d - +5 steam dragon scales
rPois    ∞         Reflect  .   U - +0 mask of the Dragon {MR+ Slay+3 SInv}
rElec    +         Harm     .   E - scarf {rC+ rF+}
rCorr    .         Clarity  +   x - +1 pair of gloves "Saxtaoz" {Int+8}
MR       +++..                  p - +2 pair of boots {run}
Stlth    ++........             h - amulet of regeneration
HPRegen  1.12/turn              s - ring "Yruysus" {Int+6 Dex+3 Stlth-}
MPRegen  0.27/turn              C - ring of Jior {Str+7 Int+6 Stlth+}

@: flying, quick
A: big wings, icy blue scales 1, clarity, frail 1, magic resistance 1, negative
energy resistance 1, regeneration 1, electricity resistance, unbreathing,
petrification resistance, rot immunity, AC +18
}: 2/15 runes: decaying, serpentine
a: Stop Flying, Renounce Religion


You were on level 2 of the Crypt.
You worshipped Vehumet.
Vehumet was exalted by your worship.
You visited 9 branches of the dungeon, and saw 43 of its levels.
You also visited: Bailey and Gauntlet.

You collected 15932 gold pieces.
You spent 2746 gold pieces at shops.

Inventory:

Hand Weapons
 w - a +8 morningstar of draining (weapon)
 z - the +1 eveningstar of Exquisite Death {elec, *Contam rPois Str+4 Int+2 Dex+3}
   (You found it on level 2 of the Elven Halls)

   Occasionally, upon striking a foe, it will discharge some electrical energy
   and cause terrible harm.
   It affects your strength (+4).
   It affects your intelligence (+2).
   It affects your dexterity (+3).
   It protects you from poison.
   It causes magical contamination when unequipped.
Armour
 d - +5 steam dragon scales (worn)
 p - a +2 pair of boots of running (worn)
 x - the +1 pair of gloves "Saxtaoz" (worn) {Int+8}
   (You acquired it on level 8 of the Dungeon)

   It affects your intelligence (+8).
 E - a scarf of resistance (worn)
 U - the +0 mask of the Dragon (worn) {MR+ Slay+3 SInv}
   (You found it on level 3 of the Elven Halls)

   It affects your accuracy and damage with ranged weapons and melee attacks
   (+3).
   It affects your resistance to hostile enchantments.
   It lets you see invisible.
Magical Staves
 Q - an uncursed staff of cold
Jewellery
 h - an amulet of regeneration (around neck)
 s - the ring "Yruysus" (left hand) {Int+6 Dex+3 Stlth-}
   (You found it on level 2 of the Vaults)

   [ring of attention]

   It affects your intelligence (+6).
   It affects your dexterity (+3).
   It makes you less stealthy.
 C - the ring of Jior (right hand) {Str+7 Int+6 Stlth+}
   (You found it on level 1 of the Swamp)

   [ring of intelligence]

   It affects your strength (+7).
   It affects your intelligence (+6).
   It makes you more stealthy.
 J - an uncursed ring of wizardry
Wands
 a - a wand of paralysis (31)
 v - a wand of iceblast (20)
 D - a wand of polymorph (17)
 F - a wand of enslavement (19)
 L - a wand of digging (5)
 P - a wand of disintegration (61)
Scrolls
 c - 2 scrolls of fear
 g - 12 scrolls of blinking
 i - 2 scrolls of magic mapping
 j - 12 scrolls of teleportation
 m - 7 scrolls of fog
 n - 23 scrolls of remove curse
 y - 16 scrolls of identify
 M - 5 scrolls of immolation
 N - 4 scrolls of amnesia
 W - a scroll of enchant armour
Potions
 b - a potion of ambrosia
 e - a potion of magic
 f - 4 potions of mutation
 k - 5 potions of stabbing
 o - 3 potions of resistance
 q - 3 potions of haste
 r - 6 potions of heal wounds
 u - 7 potions of berserk rage
 I - 15 potions of curing
 K - 2 potions of cancellation
 O - 3 potions of brilliance
 R - 2 potions of invisibility
 T - a potion of might
Miscellaneous
 t - a condenser vane (2/2)
 B - a phantom mirror
 H - a box of beasts (3/3)


   Skills:
 + Level 15.8 Fighting
 + Level 14.5 Maces & Flails
 - Level 6.0 Armour
 + Level 12.7 Dodging
 - Level 2.1 Stealth
 + Level 14.8 Spellcasting
 + Level 16.9 Conjurations
 - Level 0.7 Transmutations
 * Level 19.2 Fire Magic
 + Level 18.5 Earth Magic
 - Level 6.0 Evocations


You had 14 spell levels left.
You knew the following spells:

 Your Spells              Type           Power        Failure   Level
a - Shatter               Erth           ########..   10%         9
b - Stone Arrow           Conj/Erth      ######       0%          3
c - Lee's Rapid Deconstr  Erth           ########..   0%          5
d - Iron Shot             Conj/Erth      ########..   1%          6
e - Mephitic Cloud        Conj/Pois/Air  ######..     1%          3
f - Fireball              Conj/Fire      ########..   0%          5
g - Bolt of Magma         Conj/Fire/Erth ########..   0%          5
h - Passwall              Tmut/Erth      #######.     1%          2

Your spell library contained the following spells:

 Spells                   Type           Power        Failure   Level
 Chain Lightning          Conj/Air       #######...   34%         8
 Tornado                  Air            ####......   100%        9
 Foxfire                  Conj/Fire      ####         0%          1
 Magic Dart               Conj           ####         0%          1
 Sandblast                Erth           ######       0%          1
 Searing Ray              Conj           ######       0%          2
 Conjure Flame            Conj/Fire      ########     0%          3
 Sticky Flame             Conj/Fire      ########     0%          4
 Animate Skeleton         Necr           ####..       1%          1
 Apportation              Tloc           ####..       1%          1
 Beastly Appendage        Tmut           #####.       1%          1
 Corona                   Hex            ####...      1%          1
 Pain                     Necr           ####         1%          1
 Sting                    Tmut/Pois      ####         1%          1
 Summon Small Mammal      Summ           ####         1%          1
 Blink                    Tloc           N/A          1%          2
 Call Imp                 Summ           ####....     1%          2
 Corpse Rot               Necr/Air       N/A          1%          2
 Ensorcelled Hibernation  Hex/Ice        ####..       1%          2
 Poisonous Vapours        Pois/Air       ####..       1%          2
 Slow                     Hex            ####....     1%          2
 Wereblood                Tmut           #####...     1%          2
 Dazzling Flash           Conj/Hex       ######       1%          3
 Ignite Poison            Fire/Tmut/Pois #######.     1%          3
 Inner Flame              Hex/Fire       #######.     1%          3
 Spider Form              Tmut/Pois      #####.....   1%          3
 Static Discharge         Conj/Air       #######.     1%          3
 Fulminant Prism          Conj/Hex       #######...   1%          4
 Iskenderun's Mystic Bla  Conj/Tloc      #######.     1%          4
 Leda's Liquefaction      Hex/Erth       #######...   1%          4
 Olgreb's Toxic Radiance  Pois           ####....     1%          4
 Petrify                  Tmut/Erth      #######.     1%          4
 Borgnjor's Vile Clutch   Necr/Erth      #######...   1%          5
 Irradiate                Conj/Tmut      #######...   1%          5
 Lightning Bolt           Conj/Air       #######...   1%          5
 Lehudib's Crystal Spear  Conj/Erth      ########..   1%          8
 Call Canine Familiar     Summ           ####....     2%          3
 Confusing Touch          Hex            ####....     2%          3
 Gell's Gravitas          Tloc           ####......   2%          3
 Portal Projectile        Hex/Tloc       ####..       2%          3
 Summon Guardian Golem    Hex/Summ       ####....     2%          3
 Tukima's Dance           Hex            ####....     2%          3
 Vampiric Draining        Necr           ####......   2%          3
 Yara's Violent Unravell  Hex/Tmut       #####.....   4%          5
 Spellforged Servitor     Conj/Summ      #######...   5%          7
 Ice Form                 Ice/Tmut       #####...     6%          4
 Animate Dead             Necr           ####......   7%          4
 Cause Fear               Hex            ####......   7%          4
 Dispel Undead            Necr           ####....     7%          4
 Passage of Golubria      Tloc           N/A          7%          4
 Summon Ice Beast         Ice/Summ       ####....     7%          4
 Summon Lightning Spire   Summ/Air       ####....     7%          4
 Fire Storm               Conj/Fire      ########..   12%         9
 Blade Hands              Tmut           #####.....   14%         5
 Alistair's Intoxication  Tmut/Pois      #####....    17%         5
 Agony                    Necr           ####....     21%         5
 Excruciating Wounds      Necr           ####......   21%         5
 Metabolic Englaciation   Hex/Ice        ####......   21%         5
 Silence                  Hex/Air        ####......   21%         5
 Shadow Creatures         Summ           N/A          73%         6
 Discord                  Hex            ####......   100%        8
 Absolute Zero            Ice            ####......   100%        9
 Sublimation of Blood     Necr           Unusable     N/A         2

Dungeon Overview and Level Annotations

Branches:
Dungeon (15/15)            Temple (1/1) D:7            Lair (6/6) D:11
  Swamp (4/4) Lair:2        Snake (4/4) Lair:3        Slime (0/5) Lair:5
    Orc (2/2) D:11            Elf (3/3) Orc:2        Vaults (5/5) D:13
  Crypt (3/3) Vaults:3       Tomb (0/3) Crypt:3      Depths (0/5) D:15
 Bailey (visited)         Gauntlet (visited)

Altars:
Fedhas
Gozag
Kikubaaqudgha
Makhleb
Nemelex Xobeh
Trog
Vehumet
Wu Jian
Xom
Yredelemnul
Zin
The Shining One
Beogh

Shops:
D:5 (   D:7 *   D:11 *   Orc:2 !!(}   Elf:3 *   Snake:2 *   Vaults:3 (

Portals:
Trove: D:14 (give +7 demon whip)

Annotations:
D:3 1 runed translucent door, Hores's ghost, amateur GrEE
D:8 3 runed translucent doors, radzia's ghost, novice FoFi
Elf:2 5 runed translucent doors


Innate Abilities, Weirdness & Mutations

You are resistant to torment.
Your stone body is resilient. (AC +18)
You are immune to poison.
Your large and strong wings let you fly indefinitely.
You resist negative energy. (rN+)
You are resistant to electric shocks. (rElec)
You can survive without breathing.
You are immune to petrification.
You are immune to rotting.
You are partially covered in icy blue scales. (AC +2)
You possess an exceptional clarity of mind.
You are frail. (-10% HP)
You are resistant to hostile enchantments. (MR+)
Your natural rate of healing is unusually fast.


Message History

The ancient champion hits you with a +3 vorpal great sword!!
Casting: Iron Shot (safe; 1% risk of failure)
Confirm with . or Enter, or press ? or * to list all spells.
You don't have enough magic to cast that spell.
Unknown command.
Unknown command.
You sock the ancient champion!
The ancient champion is severely damaged.
The ancient champion hits you with a +3 vorpal great sword!
You hit the ancient champion but do no damage.
The ancient champion is severely damaged.
The ancient champion hits you with a +3 vorpal great sword!
You hit the ancient champion but do no damage.
The ancient champion is severely damaged.
The ancient champion hits you but does no damage.
You impale the ancient champion!!
The ancient champion is almost destroyed.
The ancient champion casts a spell at you.
The iron shot hits you!!!
You die...

#.......))...........##.
#.........[..[.#....###.
#......._.....#####)###.
#.............#####=.##.
#................##.###.
#.........#...##.##.# #.
#.........#...##.##.# #.
#.............##.##.# #.
#......@z.#...##.##.# #.
########.##...##.##.# #.
#.#######.##.# #. #.#
#.##.###. #.# #.#......
#.# #.#..#### #.# #.#..#
#.# #.#..# ####.# #.#..#


You could see an ancient champion (fast).

Vanquished Creatures
  Boris (Crypt:1)
  Frederick (Vaults:4)
  the Lernaean hydra (Swamp:4)
  Jory (Vaults:4)
  A tentacled monstrosity (Swamp:3)
  Jorgrun (Orc:2)
  Rupert (D:12)
  A titan (Vaults:3)
  2 deep elf blademasters (Elf:3)
  Gastronok (D:11)
  2 deep elf master archers (Elf:3)
  Agnes (Snake:1)
  6 ancient champions
  4 thorn hunters (Swamp:4)
  Kirke (Snake:1)
  3 sphinxes
  Donald (Snake:3)
  A tengu reaver (Vaults:3)
  A storm dragon (Vaults:4)
  A revenant (Crypt:1)
  4 nagarajas (Snake:4)
  2 frost giants
  2 fire giants
  4 deep elf sorcerers
  Louise (Swamp:3)
  12 vault wardens
  2 reapers (Crypt:2)
  2 curse skulls
  3 orc warlords
  16 ghouls
  5 deep elf elementalists (Elf:3)
  Aizul (Snake:1)
  14 ironheart preservers
  5 very ugly things (Vaults:3)
  A juggernaut skeleton (Crypt:2)
  7 stone giants
  2 deep elf demonologists
  7 vampire knights
  4 entropy weavers
  8 deep elf annihilators
  9 deep elf death magi
  A minotaur (Gauntlet)
  3 ettins
  3 eidola
  A quicksilver dragon zombie (Crypt:3)
  A mummy priest (Crypt:3)
  10 yaktaur captains
  2 deep elf high priests (Elf:3)
  4 fire dragons
  Josephine (D:12)
  9 jiangshi
  32 vault guards
  24 hydras
  A great orb of eyes (Vaults:4)
  9 naga warriors
  A rakshasa (D:11)
  3 catoblepae (Lair:6)
  5 shambling mangroves
  13 centaur warriors
  2 deep troll shamans
  8 alligators
  15 ogre magi
  3 deep troll earth magi
  A tengu warrior (D:14)
  42 two-headed ogres
  7 death knights
  10 anacondas
  15 death yaks
  5 vampire magi
  5 orc high priests
  8 dancing weapons
  5 shock serpents
  13 naga sharpshooters
  A storm dragon zombie (Crypt:2)
  Sonja (Orc:1)
  A soul eater (Crypt:3)
  22 deep elf knights
  Urug (D:11)
  3 salamander mystics
  12 skeletal warriors
  6 shadow wraiths
  An iron giant zombie (Crypt:2)
  An unseen horror (shapeshifter) (Vaults:3)
  18 deep trolls
  4 wizards
  10 swamp dragons
  5 flayed ghosts
  2 glowing orange brains
  5 unseen horrors
  8 deep elf archers
  13 ironbrand convokers
  3 naga ritualists
  Pikel (D:5)
  6 necromancers
  7 phantasmal warriors
  4 harpies (Vaults:1)
  An anaconda skeleton (Crypt:3)
  An iron dragon zombie (Crypt:3)
  25 orc knights
  50 deep elf magi
  7 wolf spiders
  13 salamanders
  2 fire giant zombies (Crypt:3)
  2 mana vipers
  7 cyclopes
  5 manticores
  An orb spider (shapeshifter) (Vaults:1)
  9 orc sorcerers
  2 fire giant skeletons (Crypt:1)
  An iron dragon skeleton (Crypt:1)
  32 ugly things
  4 oklob plants (Lair:1)
  21 black mambas
  Joseph (D:10)
  10 vault sentinels
  A stone giant skeleton (Crypt:3)
  A cane toad (shapeshifter) (Vaults:1)
  2 titan simulacra (Crypt:1)
  21 elephants
  2 black mambas (shapeshifter) (D:13)
  A shock serpent zombie (Crypt:2)
  8 guardian serpents (Snake:4)
  6 gargoyles
  Maggie (Lair:2)
  A storm dragon simulacrum (Crypt:1)
  9 naga magi
  A rime drake (Lair:6)
  23 cane toads
  2 emperor scorpion zombies
  11 komodo dragons
  An iron troll zombie (Crypt:2)
  9 freezing wraiths
  48 yaktaurs
  5 guardian mummies
  A pale draconian skeleton (Crypt:1)
  3 polar bears
  A jumping spider (Gauntlet)
  A harpy skeleton (Crypt:1)
  15 trolls
  11 tyrant leeches
  Prince Ribbit (D:5)
  19 hornets
  A wolf spider simulacrum (Crypt:1)
  A hydra skeleton (Crypt:1)
  An ice dragon zombie (Crypt:1)
  8 bog bodies
  14 hippogriffs
  30 slime creatures
  A frost giant simulacrum (Crypt:1)
  9 blink frogs
  A fire giant simulacrum (Crypt:1)
  26 flying skulls
  Sigmund (D:4)
  2 air elementals
  5 spriggans
  A centaur simulacrum (D:14)
  A wyvern (D:15)
  3 redbacks
  41 yaks
  3 shadows
  A vampire (D:14)
  14 wraiths
  A tarantella (Vaults:4)
  Grum (D:11)
  2 steam dragons (Gauntlet)
  2 basilisks
  2 fire elementals (Elf:3)
  3 water elementals
  A hog (shapeshifter) (D:13)
  3 humans
  Menkaure (D:4)
  A yaktaur simulacrum (Vaults:1)
  9 insubstantial wisps
  15 vampire mosquitoes
  9 wargs
  Edmund (D:6)
  30 swamp worms
  2 large abominations (Elf:1)
  A naga (shapeshifter) (Vaults:1)
  35 nagas
  10 water moccasins
  A soldier ant (D:9)
  An acid dragon (D:14)
  14 swamp drakes
  A water nymph skeleton (Crypt:1)
  5 porcupines
  6 ice beasts
  5 sky beasts
  A snapping turtle zombie (Crypt:2)
  A manticore zombie (Crypt:3)
  70 orc warriors
  3 eyes of draining
  3 black bears
  22 boggarts
  4 phantoms
  3 necrophages
  10 wolves
  33 ogres
  An ice dragon simulacrum (Crypt:2)
  A snapping turtle skeleton (Crypt:2)
  23 centaurs
  13 crocodiles
  A big kobold (D:9)
  A blink frog skeleton (Crypt:1)
  3 elf zombies (Elf:1)
  A salamander zombie (Crypt:2)
  An earth elemental (Elf:1)
  22 bullfrogs
  Blork the orc (D:5)
  6 scorpions
  A warg zombie (Crypt:3)
  3 wyvern skeletons
  A snapping turtle simulacrum (Crypt:1)
  9 wights
  10 killer bees (D:8)
  A human simulacrum (Vaults:1)
  4 howler monkeys
  5 electric eels
  A wolf skeleton (Crypt:1)
  A bullfrog zombie (D:11)
  7 hounds
  11 jellies
  4 centaur skeletons
  A centaur zombie (D:9)
  36 orc priests
  Crazy Yiuf (D:6)
  2 human zombies (D:3)
  24 orc wizards
  4 bullfrog skeletons
  3 iguanas
  11 worker ants
  A felid zombie (Crypt:1)
  A demigod skeleton (Crypt:2)
  2 hound zombies (D:9)
  A big kobold skeleton (Crypt:1)
  A howler monkey zombie (D:7)
  A worker ant zombie (D:8)
  17 adders
  A shadow imp (D:9)
  A white imp (D:8)
  3 ufetubi
  An ooze (shapeshifter) (Elf:1)
  2 oozes (Lair:5)
  A worm zombie (Crypt:3)
  An adder zombie (D:3)
  2 adder skeletons
  7 worms
  3 dart slugs
  3 leopard geckos
  123 orcs
  5 bats
  4 giant cockroaches
  11 goblins
  12 hobgoblins
  16 jackals
  5 quokkas
  A river rat zombie (Crypt:3)
  A ball python (D:3)
  5 frilled lizards
  A giant cockroach zombie (Crypt:3)
  2 jackal skeletons
  A jackal zombie (Crypt:2)
  28 kobolds
  9 rats
  A rat zombie (Crypt:2)
  12 briar patches
  A bush (Lair:3)
  4 crawling corpses
1920 creatures vanquished.

Vanquished Creatures (collateral kills)
  The ghost of Ceoqa the Fighter, a journeyman OgWz of Okawaru (Lair:4)
1 creature vanquished.

Vanquished Creatures (others)
  A hydra (Swamp:4)
  A raiju (Gauntlet)
  4 humans (Snake:1)
  2 nagas (Snake:4)
  An orc warrior (Orc:2)
  3 briar patches (Swamp:4)
  2 bushes (Lair:3)
  23 fungi
  53 plants
  2 withered plants (D:3)
92 creatures vanquished.

Grand Total: 2013 creatures vanquished

Notes
Turn   | Place    | Note
-------+----------+-------------------------------------------
     0 | D:1      | Hores the Gargoyle Earth Elementalist began the quest for
                  | the Orb.
     0 | D:1      | Reached XP level 1. HP: 10/10 MP: 3/3
   167 | D:1      | Reached XP level 2. HP: 3/15 MP: 1/5
  1056 | D:1      | Reached XP level 3. HP: 19/19 MP: 6/6
  1061 | D:1      | Learned a level 3 spell: Stone Arrow
  1363 | D:2      | Reached skill level 1 in Conjurations
  1405 | D:2      | Reached XP level 4. HP: 21/24 MP: 8/8
  1576 | D:2      | Found a shimmering altar of Xom.
  1766 | D:2      | Found a sparkling altar of Nemelex Xobeh.
  2175 | D:3      | Reached skill level 5 in Earth Magic
  2175 | D:3      | Reached XP level 5. HP: 17/28 MP: 9/9
  2324 | D:3      | Found a runed translucent door.
  2324 | D:3      | Noticed Hores's ghost (amateur GrEE)
  2671 | D:3      | Found a runed translucent door.
  2671 | D:3      | Noticed a human
  2746 | D:3      | Found a basalt altar of Yredelemnul.
  2753 | D:3      | Reached XP level 6. HP: 28/32 MP: 5/11
  2760 | D:3      | Learned a level 5 spell: Lee's Rapid Deconstruction
  2763 | D:3      | Learned a level 2 spell: Passwall
  2921 | D:3      | Found a radiant altar of Vehumet.
  2921 | D:3      | Found an ancient bone altar of Kikubaaqudgha.
  2936 | D:3      | Became a worshipper of Vehumet
  3331 | D:3      | Killed a human
  3590 | D:4      | Reached XP level 7. HP: 24/36 MP: 13/13
  3727 | D:4      | Noticed Menkaure
  3736 | D:4      | Killed Menkaure
  3761 | D:4      | Gained mutation: Your body sometimes deteriorates upon
                  | taking damage. [potion of mutation]
  3761 | D:4      | Gained mutation: You have large cloven feet. [potion of
                  | mutation]
  3761 | D:4      | Gained mutation: Your spells are a little harder to cast,
                  | but a little more powerful. [potion of mutation]
  3762 | D:4      | Lost mutation: Your spells are a little harder to cast, but
                  | a little more powerful. [potion of mutation]
  3762 | D:4      | Lost mutation: Your body sometimes deteriorates upon taking
                  | damage. [potion of mutation]
  3762 | D:4      | Lost mutation: You have large cloven feet. [potion of
                  | mutation]
  3762 | D:4      | Gained mutation: You are frail. (-10% HP) [potion of
                  | mutation]
  3762 | D:4      | Gained mutation: You expend magic power (3 MP) to
                  | strengthen your wands. [potion of mutation]
  3847 | D:4      | Reached skill level 5 in Spellcasting
  3849 | D:4      | Reached skill level 5 in Conjurations
  3849 | D:4      | Reached XP level 8. HP: 23/36 MP: 1/15
  3903 | D:4      | Reached * piety under Vehumet
  3903 | D:4      | Offered knowledge of Foxfire by Vehumet.
  4297 | D:4      | Noticed Sigmund
  4311 | D:4      | Killed Sigmund
  4462 | D:5      | Entered Level 5 of the Dungeon
  4464 | D:5      | Noticed Pikel
  4488 | D:5      | Killed Pikel
  4488 | D:5      | Reached XP level 9. HP: 29/40 MP: 12/18
  4524 | D:5      | Found a blossoming altar of Fedhas.
  4560 | D:5      | Found Tolour's Weapon Shoppe.
  4685 | D:5      | Found a sparkling altar of Nemelex Xobeh.
  4842 | D:5      | Reached skill level 1 in Fighting
  4842 | D:5      | Reached skill level 1 in Maces & Flails
  4842 | D:5      | Reached skill level 1 in Armour
  4854 | D:5      | Noticed Blork the orc
  4861 | D:5      | Killed Blork the orc
  4967 | D:5      | Noticed Prince Ribbit
  4975 | D:5      | Killed Prince Ribbit
  5457 | D:6      | Offered knowledge of Searing Ray by Vehumet.
  5786 | D:6      | Noticed Edmund
  6145 | D:6      | Killed Edmund
  6232 | D:6      | Found a runed translucent door.
  6233 | D:6      | Noticed Crazy Yiuf
  6237 | D:6      | Killed Crazy Yiuf
  6288 | D:7      | Found a staircase to the Ecumenical Temple.
  6302 | D:7      | Reached ** piety under Vehumet
  6326 | Temple   | Entered the Ecumenical Temple
  6414 | D:7      | Noticed a moth of wrath
  6417 | D:7      | Found a bloodstained altar of Trog.
  6529 | D:7      | Noticed a gargoyle
  6534 | D:7      | Killed a gargoyle
  6534 | D:7      | Reached XP level 10. HP: 27/49 MP: 9/20
  6736 | D:7      | Found Gozag's Platinum Reserve.
  6742 | D:7      | Found an opulent altar of Gozag.
  7305 | D:8      | Identified a scroll of acquirement
  7305 | D:8      | Acquired the +1 pair of gloves "Saxtaoz" {Int+8}
  7379 | D:8      | Found a runed translucent gate.
  7379 | D:8      | Found a runed translucent gate.
  7379 | D:8      | Found a runed translucent gate.
  7379 | D:8      | Found an opulent altar of Gozag.
  7381 | D:8      | Noticed radzia's ghost (novice FoFi)
  7428 | D:8      | Offered knowledge of Frozen Ramparts by Vehumet.
  7653 | D:8      | Reached skill level 1 in Evocations
  7655 | D:8      | Reached *** piety under Vehumet
  8133 | D:9      | Found a flagged portal.
  8169 | Bailey   | Entered a bailey
  8330 | Bailey   | Noticed an orc knight
  8345 | Bailey   | Killed an orc knight
  8352 | Bailey   | Offered knowledge of Mephitic Cloud by Vehumet.
  8362 | Bailey   | Reached skill level 10 in Earth Magic
  8495 | D:9      | Learned a level 3 spell: Mephitic Cloud
  8616 | D:9      | Found a glowing silver altar of Zin.
  8616 | D:9      | Noticed an angel
  8752 | D:9      | Noticed a centaur warrior
  8753 | D:9      | Noticed a seven-headed hydra
  8829 | D:9      | Reached **** piety under Vehumet
  8900 | D:9      | Offered knowledge of Inner Flame by Vehumet.
  8969 | D:9      | Reached XP level 11. HP: 55/55 MP: 20/22
  9018 | D:9      | Learned a level 5 spell: Fireball
  9139 | D:9      | Reached skill level 1 in Fire Magic
  9399 | D:10     | Entered Level 10 of the Dungeon
  9423 | D:10     | Noticed an unseen horror
  9426 | D:10     | Killed an unseen horror
  9459 | D:10     | HP: 2/55 [orc warrior/+0 trident (5)]
  9574 | D:10     | Found a burning altar of Makhleb.
  9820 | D:10     | Noticed a two-headed ogre
  9835 | D:10     | Killed a two-headed ogre
  9835 | D:10     | Reached skill level 5 in Armour
  9835 | D:10     | Reached skill level 2 in Fire Magic
 10077 | D:10     | Reached ***** piety under Vehumet
 10085 | D:10     | Offered knowledge of Bolt of Magma by Vehumet.
 10146 | D:10     | Noticed Joseph
 10156 | D:10     | Killed Joseph
 10156 | D:10     | Reached skill level 5 in Fighting
 10433 | D:11     | Noticed a rakshasa
 10605 | D:11     | Killed a rakshasa
 10605 | D:11     | Reached skill level 3 in Fire Magic
 10758 | D:11     | Learned a level 5 spell: Bolt of Magma
 10763 | D:11     | Noticed Grum
 10764 | D:11     | Noticed Gastronok
 10778 | D:11     | Killed Grum
 10781 | D:11     | Killed Gastronok
 10781 | D:11     | Reached skill level 4 in Fire Magic
 10781 | D:11     | Reached XP level 12. HP: 48/61 MP: 16/24
 10821 | D:11     | Lost mutation: You expend magic power (3 MP) to strengthen
                  | your wands. [potion of mutation]
 10821 | D:11     | Lost mutation: You are frail. (-10% HP) [potion of
                  | mutation]
 10821 | D:11     | Gained mutation: You are partially covered in icy blue
                  | scales. (AC +2) [potion of mutation]
 10821 | D:11     | Gained mutation: You are clumsy. (Dex -2) [potion of
                  | mutation]
 10821 | D:11     | Gained mutation: You are dopey. (Int -2) [potion of
                  | mutation]
 10821 | D:11     | Gained mutation: You are resistant to hostile enchantments.
                  | (MR+) [potion of mutation]
 10822 | D:11     | Lost mutation: You are clumsy. (Dex -2) [potion of
                  | mutation]
 10822 | D:11     | Lost mutation: You are dopey. (Int -2) [potion of mutation]
 10822 | D:11     | Gained mutation: You possess an exceptional clarity of
                  | mind. [potion of mutation]
 10822 | D:11     | Gained mutation: You are frail. (-10% HP) [potion of
                  | mutation]
 10822 | D:11     | Gained mutation: Your natural rate of healing is unusually
                  | fast. [potion of mutation]
 10851 | D:11     | Reached skill level 5 in Maces & Flails
 10994 | D:11     | Found a staircase to the Orcish Mines.
 11352 | D:11     | Found Dupadog's Changing Room.
 11368 | D:11     | Found a staircase to the Lair.
 11374 | D:11     | Noticed a two-headed ogre
 11378 | D:11     | Killed a two-headed ogre
 11473 | D:11     | Noticed Urug
 11476 | D:11     | Killed Urug
 11910 | D:12     | Reached skill level 5 in Fire Magic
 11911 | D:12     | Noticed Rupert
 12047 | D:12     | Reached skill level 5 in Dodging
 12214 | D:12     | Noticed Josephine
 12417 | D:12     | Killed Josephine
 12683 | D:12     | Reached skill level 6 in Fire Magic
 12907 | D:12     | HP: 4/94 [Rupert/+6 vampiric great sword (24)]
 12916 | D:12     | Killed Rupert
 12916 | D:12     | Reached XP level 13. HP: 11/68 MP: 0/25
 13226 | D:12     | Reached skill level 5 in Evocations
 13332 | D:12     | Found a glowing golden altar of the Shining One.
 13540 | D:13     | Reached skill level 10 in Conjurations
 13550 | D:13     | Noticed a vault guard
 13763 | D:13     | Killed a vault guard
 13763 | D:13     | Reached skill level 7 in Fire Magic
 14689 | D:13     | Noticed an ogre mage
 14691 | D:13     | Killed an ogre mage
 14831 | D:13     | Found a gate to the Vaults.
 14831 | D:13     | Noticed a vault guard
 14842 | D:13     | Killed a vault guard
 15404 | D:14     | Reached skill level 8 in Fire Magic
 15770 | D:14     | Gained mutation: Your large and strong wings let you fly
                  | indefinitely. [Gargoyle growth]
 15770 | D:14     | Reached XP level 14. HP: 62/74 MP: 4/27
 16212 | D:14     | Offered knowledge of Iron Shot by Vehumet.
 16220 | D:14     | Learned a level 6 spell: Iron Shot
 16278 | D:14     | Found a portal to a secret trove of treasure.
 17122 | Lair:1   | Entered Level 1 of the Lair of Beasts
 17310 | Lair:1   | Reached skill level 9 in Fire Magic
 18373 | Lair:1   | Identified the Volume of Virous Evil Rites
 18619 | Lair:2   | Found a staircase to the Swamp.
 18640 | Lair:2   | Offered knowledge of Orb of Destruction by Vehumet.
 19011 | Lair:2   | Noticed Maggie
 19014 | Lair:2   | Killed Maggie
 19725 | Lair:3   | Found a staircase to the Snake Pit.
 19841 | Lair:3   | Reached skill level 10 in Spellcasting
 19850 | Lair:3   | Reached XP level 15. HP: 14/80 MP: 8/29
 20010 | Lair:3   | Reached skill level 10 in Fire Magic
 20559 | Lair:4   | Found a runed translucent door.
 20560 | Lair:4   | Noticed Ceoqa's ghost (journeyman OgWz)
 20561 | Lair:4   | Identified the +9 spear of Deosenet {vorpal, rF+}
 21820 | Lair:4   | Killed Ceoqa's ghost
 22111 | Lair:5   | Found a gate leading to a gauntlet.
 22121 | Gauntlet | Entered a Gauntlet
 22121 | Gauntlet | Found a transporter.
 22133 | Gauntlet | Found a transporter.
 22134 | Gauntlet | Found a transporter.
 22139 | Gauntlet | Found a runed translucent door.
 22140 | Gauntlet | Found a runed translucent door.
 22142 | Gauntlet | Found a transporter.
 22146 | Gauntlet | Found a transporter.
 22158 | Gauntlet | Found a transporter.
 22160 | Gauntlet | Identified the ring of Xuif {+Fly Int+3 Dex-3}
 22162 | Gauntlet | Found a transporter.
 22169 | Gauntlet | Found a transporter.
 22170 | Gauntlet | Found a transporter.
 22181 | Gauntlet | Found a transporter.
 22209 | Gauntlet | Found a transporter.
 22213 | Gauntlet | Found a runed translucent door.
 22221 | Gauntlet | Found a transporter.
 22233 | Gauntlet | Found a transporter.
 22245 | Gauntlet | Found a transporter.
 22395 | Gauntlet | Identified a +1 pair of boots of running (You found it in a
                  | Gauntlet)
 22507 | Gauntlet | Got a smoking hat
 22516 | Gauntlet | Identified the cursed +0 hat of the Will of the Gods {rPois
                  | rC++ Int-5 SInv} (You found it in a Gauntlet)
 22535 | Gauntlet | Reached ****** piety under Vehumet
 22810 | Lair:5   | Found a staircase to the Slime Pits.
 23056 | Lair:5   | Offered knowledge of Spellforged Servitor by Vehumet.
 23540 | Lair:6   | Entered Level 6 of the Lair of Beasts
 23576 | Lair:5   | Reached skill level 11 in Fire Magic
 24223 | Lair:6   | Reached XP level 16. HP: 87/87 MP: 30/30
 24469 | Lair:6   | Reached skill level 10 in Fighting
 24492 | Lair:6   | Offered knowledge of Irradiate by Vehumet.
 24668 | Lair:6   | Identified the cursed +0 leather armour of Gozag's Hope
                  | {rElec rPois rF- Int+2} (You found it on level 6 of the
                  | Lair of Beasts)
 25616 | Orc:1    | Entered Level 1 of the Orcish Mines
 26095 | Orc:2    | Entered Level 2 of the Orcish Mines
 26421 | Orc:1    | Noticed Sonja
 26423 | Orc:1    | Killed Sonja
 26623 | Orc:2    | Found Esturab's Antique Weapon Shop.
 26647 | Orc:2    | Found Desm's Gadget Boutique.
 26662 | Orc:2    | Offered knowledge of Lightning Bolt by Vehumet.
 26675 | Orc:2    | Noticed Jorgrun
 26683 | Orc:2    | Killed Jorgrun
 26688 | Orc:2    | Found a roughly hewn altar of Beogh.
 26816 | Orc:2    | Reached skill level 12 in Fire Magic
 26958 | Orc:2    | Paralysed by an orc sorcerer for 6 turns
 27205 | Orc:2    | Found a roughly hewn altar of Beogh.
 27222 | Orc:2    | Paralysed by an orc sorcerer for 7 turns
 27531 | Orc:2    | Found a staircase to the Elven Halls.
 27924 | Orc:2    | Found Fiskaq's Distillery.
 27960 | Orc:2    | Bought a potion of curing for 42 gold pieces
 27960 | Orc:2    | Bought a potion of curing for 42 gold pieces
 27960 | Orc:2    | Bought a potion of curing for 42 gold pieces
 27960 | Orc:2    | Bought a potion of heal wounds for 70 gold pieces
 27960 | Orc:2    | Bought a potion of heal wounds for 70 gold pieces
 28024 | Orc:2    | Found Aceczari's Distillery.
 28037 | Orc:2    | Bought a potion of curing for 48 gold pieces
 28037 | Orc:2    | Bought a potion of resistance for 160 gold pieces
 28037 | Orc:2    | Bought a potion of haste for 160 gold pieces
 28037 | Orc:2    | Bought a potion of curing for 48 gold pieces
 28037 | Orc:2    | Bought a potion of curing for 48 gold pieces
 28037 | Orc:2    | Bought a potion of curing for 48 gold pieces
 28337 | D:15     | Entered Level 15 of the Dungeon
 28525 | D:15     | Offered knowledge of Ozocubu's Refrigeration by Vehumet.
 28713 | D:15     | Reached XP level 17. HP: 92/92 MP: 20/32
 28747 | D:15     | Reached skill level 10 in Maces & Flails
 28953 | D:15     | Found a staircase to the Depths.
 29682 | Snake:1  | Entered Level 1 of the Snake Pit
 29682 | Snake:1  | Noticed Kirke
 29685 | Snake:1  | Killed Kirke
 29798 | Snake:1  | Noticed Agnes
 29805 | Snake:1  | Killed Agnes
 30178 | Snake:1  | Found an ornate altar of the Wu Jian Council.
 30327 | Snake:1  | Noticed Aizul
 30351 | Snake:1  | Killed Aizul
 31270 | Snake:2  | Found Fanga's Assorted Antiques.
 31287 | Snake:2  | Bought a scroll of identify for 64 gold pieces
 31287 | Snake:2  | Bought a scroll of blinking for 240 gold pieces
 32175 | Snake:3  | Reached skill level 13 in Fire Magic
 33477 | Snake:3  | Noticed Donald
 33482 | Snake:3  | Killed Donald
 33654 | Snake:4  | Entered Level 4 of the Snake Pit
 33880 | Swamp:1  | Entered Level 1 of the Swamp
 33933 | Swamp:1  | Offered knowledge of Shatter by Vehumet.
 33933 | Swamp:1  | Offered knowledge of Chain Lightning by Vehumet.
 33933 | Swamp:1  | Offered knowledge of Tornado by Vehumet.
 34656 | Swamp:1  | Found a transporter.
 34893 | Swamp:1  | Found a transporter.
 35125 | Swamp:1  | Got a flickering granite ring
 35128 | Swamp:1  | Identified the ring of Jior {Str+7 Int+6 Stlth+} (You found
                  | it on level 1 of the Swamp)
 35131 | Swamp:1  | Identified the +1 cloak of Macvatai {Harm Rampage rElec
                  | Int-2} (You found it on level 1 of the Swamp)
 35309 | Swamp:2  | Reached XP level 18. HP: 99/99 MP: 18/33
 35746 | Swamp:2  | Acquired 1890 gold pieces
 36720 | Snake:2  | Bought a scroll of acquirement for 1664 gold pieces
 36720 | Snake:2  | Acquired 3450 gold pieces
 36904 | Swamp:3  | Noticed a tentacled monstrosity
 36913 | Swamp:3  | Killed a tentacled monstrosity
 36922 | Swamp:3  | Noticed Louise
 37254 | Swamp:3  | Killed Louise
 37944 | Swamp:4  | Entered Level 4 of the Swamp
 38024 | Swamp:4  | Reached skill level 14 in Fire Magic
 38024 | Swamp:4  | Reached skill level 15 in Earth Magic
 38770 | Swamp:4  | Acquired 2390 gold pieces
 38778 | Swamp:4  | Noticed the 27-headed Lernaean hydra
 38969 | Swamp:4  | Killed the 27-headed Lernaean hydra
 39268 | Swamp:4  | Got a decaying rune of Zot
 39567 | Vaults:1 | Entered Level 1 of the Vaults
 39745 | Vaults:1 | Reached XP level 19. HP: 105/105 MP: 20/35
 39910 | Elf:1    | Entered Level 1 of the Elven Halls
 40068 | Elf:1    | Found a radiant altar of Vehumet.
 41045 | Elf:1    | Identified the Volume of Dark Rituals
 41580 | Elf:2    | Found a huge runed translucent gate.
 41580 | Elf:2    | Found a huge runed translucent gate.
 41585 | Elf:2    | Found a huge runed translucent gate.
 41586 | Elf:2    | Found a huge runed translucent gate.
 41586 | Elf:2    | Found a huge runed translucent gate.
 41747 | Elf:2    | Reached skill level 10 in Dodging
 42045 | Elf:2    | Acquired 2280 gold pieces
 42058 | Elf:2    | Reached skill level 15 in Fire Magic
 42250 | Elf:2    | Identified the Disquisition on Confrontation
 42253 | Elf:2    | Got a dazzling eveningstar
 42267 | Elf:2    | Identified the +1 eveningstar of Exquisite Death {elec,
                  | *Contam rPois Str+4 Int+2 Dex+3} (You found it on level 2
                  | of the Elven Halls)
 42350 | Elf:3    | Entered Level 3 of the Elven Halls
 42731 | Elf:3    | Found Xituy's Assorted Antiques.
 43703 | Elf:3    | Identified the +5 long sword of Imbalance {pain, rC++}
 43828 | Elf:3    | Identified the amulet "Kuases" {Acrobat rElec rN+}
 43861 | Elf:3    | Identified the +1 robe of Yjipnes {MR+++ Int+5 Slay-4 SInv}
 44011 | Elf:3    | Identified the +4 spear "Nigaty" {venom, MR+ SInv Stlth+}
 44016 | Elf:3    | Identified the +3 trident of Enoeryli {protect, *Corrode
                  | +Blink rPois Dex+6}
 44035 | Elf:3    | Reached XP level 20. HP: 111/111 MP: 10/36
 44445 | Elf:3    | Found the +0 mask of the Dragon {MR+ Slay+3 SInv}
 44473 | Elf:3    | Identified the Reference Book on Companions
 44533 | Elf:3    | Identified the Disquisition on Displacement
 44705 | Elf:3    | Found Xituy's Assorted Antiques.
 45612 | Vaults:1 | You are sucked into a shaft and drop 1 floor!
 46022 | Vaults:2 | Reached skill level 16 in Fire Magic
 46032 | Vaults:2 | HP: 4/111 [deep troll earth mage[an ironheart preserver]
                  | (19)]
 47683 | Vaults:2 | Reached skill level 15 in Conjurations
 47684 | Vaults:2 | Reached XP level 21. HP: 30/117 MP: 16/38
 47695 | Vaults:2 | HP: 4/117 [deep elf mage/bolt of magma[an ironheart
                  | preserver] (23)]
 48335 | Vaults:2 | Got a coiled granite ring
 48336 | Vaults:2 | Identified the ring "Yruysus" {Int+6 Dex+3 Stlth-} (You
                  | found it on level 2 of the Vaults)
 51310 | Snake:4  | Reached skill level 17 in Fire Magic
 51931 | Snake:4  | Got a serpentine rune of Zot
 52966 | Vaults:3 | Reached XP level 22. HP: 109/123 MP: 11/39
 53218 | Vaults:3 | You are sucked into a shaft and drop 1 floor!
 53267 | Vaults:4 | Noticed Jory
 53281 | Vaults:4 | Killed Jory
 53855 | Vaults:3 | Found Muluax's Weapon Emporium.
 53953 | Vaults:3 | Learned a level 9 spell: Shatter
 54114 | Vaults:3 | Found a staircase to the Crypt.
 55169 | Vaults:4 | Noticed Frederick
 55179 | Vaults:4 | Killed Frederick
 55372 | Vaults:4 | Reached skill level 18 in Fire Magic
 56096 | Vaults:4 | Reached XP level 23. HP: 125/129 MP: 37/41
 56122 | Vaults:4 | Reached skill level 15 in Fighting
 56841 | Vaults:5 | Entered Level 5 of the Vaults
 56955 | Crypt:1  | Entered Level 1 of the Crypt
 57932 | Crypt:1  | Noticed Boris
 57937 | Crypt:1  | Killed Boris
 59010 | Crypt:2  | Found a basalt altar of Yredelemnul.
 59852 | Crypt:3  | Entered Level 3 of the Crypt
 59875 | Crypt:3  | Reached skill level 19 in Fire Magic
 59875 | Crypt:3  | Reached XP level 24. HP: 129/135 MP: 34/41
 60557 | Crypt:3  | Found a staircase to the Tomb.
 61303 | Crypt:2  | Killed from afar by an ancient champion

Illustrated notes

Levels and vault maps discovered:
D:1:      dpeg_arrival_brainrot, layout_loops_ring
D:2:      layout_basic, xom_teletrap_fun, nemelex_diamond_rough_becter
D:3:      layout_basic, nicolae_overflow_hidden_temple, gammafunk_ghost_grave,
          dk_yredelemnul_ordeal
D:4:      layout_loops_ring, uniq_menkaure, uniq_sigmund
D:5:      layout_loops_ring, fedhas_altar_1, nemelex_xobeh_ov_fountains_minmay,
          serial_glass, glass_columns_c, glass_columns_b, serial_shops, shop,
          uniq_prince_ribbit1, uniq_blork_the_orc, uniq_pikel
D:6:      layout_loops_corners, minmay_misc_feat_diagonals,
          uniq_crazy_yiuf_cottage, uniq_edmund
D:7:      layout_cave_pools, nicolae_gozag_zags_fifth_avenue,
          minmay_temple_entry_trees, tgw_trog
D:8:      layout_loops_ring, ebering_ghost_gozag, minmay_misc_feat_pillars,
          kennysheep_generic_room_13
D:9:      layout_roguey, zin_angel, enter_bailey_2, library_closet, minivault_12
D:10:     layout_roguey, serial_bayou_pond_b, dk_noncrumbling_3, bloody_makhleb,
          uniq_joseph
D:11:     layout_basic, lair_entry_dummy, orc_0_dummy, grunt_decor_fettered,
          chequers_big_river, nicolae_transmutations_shop, uniq_urug,
          uniq_gastronok, uniq_grum
D:12:     layout_cave_pools, nicolae_tso_carved_into_rock, uniq_rupert,
          uniq_josephine
D:13:     layout_grid_maze, grunt_vaults_entry_fortified
D:14:     layout_roguey, nicolae_trove_entry_path_of_doom, minmay_checkerbox
D:15:     hangedman_depths_entry_civil_slaughter, layout_basic, moated_statue
Temple:   regret_index_temple_generic_petals
Lair:1:   layout_misc_corridors, beast_lair_carwin_10,
          minmay_lair_oklob_chamber, lemuel_fruit_tree,
          infiniplex_staircase_pool
Lair:2:   layout_chaotic_city, swamp_mist, serial_bayou_lagoon_a, uniq_maggie
Lair:3:   layout_chaotic_city, guppyfry_snake_entry_island
Lair:4:   layout_long_grid, ebering_ghost_funeral_grove
Lair:5:   layout_loops_ring, minmay_slime_entry_jelly_boxes,
          gauntlet_entry_generic, serial_bayou_pond_d, grunt_megastairs_5
Lair:6:   evilmike_catoblepas_cave, layout_cave_pods
Swamp:1:  gammafunk_worm_tunnel, layout_basic_swamp,
          evilmike_swamp_ruin_rubble_1
Swamp:2:  layout_falls_marsh, hangedman_swamp_pad
Swamp:3:  layout_basic_swamp, evilmike_swamp_ruin_wall, uniq_louise
Swamp:4:  swamp_old_school, layout_basic_swamp, swamp_pool1
Snake:1:  layout_layer_cave, special_room, basic_altar, uniq_kirke, uniq_aizul,
          uniq_agnes
Snake:2:  layout_chambers, serial_shops, nicolae_shop_overgrown_old_shop
Snake:3:  layout_basic, corexii_hall_statues_t, uniq_donald
Snake:4:  johnstein_snake_rune_scales, layout_chambers
Orc:1:    layout_caves, uniq_sonja
Orc:2:    pubby_orc_utopia, uniq_jorgrun
Elf:1:    eino_elf_arrival_altar, layout_onion_city, minmay_elf_necromancy
Elf:2:    layout_geoelf_diagonals, special_room [special_room_orc],
          kilobyte_mutagenic_chamber
Elf:3:    elf_hall_gauntlet_narrow, layout_rooms, serial_shops, shop_fountains
Vaults:1: hangedman_vaults_trim, v_alt_pattern_5, ontoclasm_vaults_shuriken,
          v_pattern_5, hangedman_vaults_trim, v_misc_15, vaults_room_grid,
          v_rooms_4, vaults_mumra_chevron, vaults_room_octagon,
          nicolae_vaults_hallways_thing, vaults_dpeg_cross, layout_vaults_maze
Vaults:2: nicolae_vaults_little_squares_2, hangedman_vaults_corner_blocks,
          vaults_dpeg_ring, v_misc_8, ontoclasm_vaults_pinch,
          nicolae_vaults_network_quincunx
          [nicolae_vaults_network_quincunx_subvault,
          nicolae_vaults_network_quincunx_subvault,
          nicolae_vaults_network_quincunx_subvault,
          nicolae_vaults_network_quincunx_subvault,
          nicolae_vaults_network_quincunx_subvault], grunt_vaults_swirl,
          nicolae_vaults_network_quinsquares
          [nicolae_vaults_network_quincunx_subvault,
          nicolae_vaults_network_quincunx_subvault,
          nicolae_vaults_network_quincunx_subvault,
          nicolae_vaults_network_quincunx_subvault],
          nicolae_vaults_windows_and_doors_thing,
          hangedman_vaults_stretched_pinwheel, v_misc_9, layout_vaults_omnibox
Vaults:3: ontoclasm_vaults_ring_small, blue_anna_dwarven_crypt,
          vaults_mumra_hexcomb, vaults_standard_mumra_x, st_octagons_2,
          nicolae_vaults_network_barrier, hangedman_vaults_cutoff,
          grunt_vaults_hallway_short, v_rooms_4, ontoclasm_vaults_tryst,
          hangedman_vaults_cutoff, nicolae_vaults_specimen_jars,
          layout_vaults_omnicross, serial_shops, shop
Vaults:4: vaults_room_semicircle, v_rooms_3, vaults_mumra_hex,
          vaults_room_glass_cross, v_rooms_5,
          hangedman_vaults_stretched_pinwheel, hangedman_vaults_restitches,
          hangedman_vaults_trim, v_misc_11, ontoclasm_vaults_hangar,
          layout_vaults_big_room, uniq_frederick, uniq_jory
Vaults:5
Crypt:1:  layout_gridlike, grunt_crypt_arrival_split, grunt_megastairs_2,
          uniq_boris
Crypt:2:  layout_basic, basic_altar
Crypt:3:  lightli_unholy_cathedral, layout_chaotic_city,
          tomb_entry_simple_bobbens, uniq_margery

Skill      XL: |  1  2  3  4  5  6  7  8  9 10 11 12 13 14 15 16 17 18 19 20 21 22 23 |
---------------+----------------------------------------------------------------------+-----
Earth Magic    | 4 5 6 7 8 9 10 11 12 13 14 15 16 17 18 | 18.5
Conjurations   | 1 2 3 5 6 7 8 9 10 11 12 13 14 15 16 | 16.9
Spellcasting   | 3 4 5 6 7 8 9 10 11 12 13 14 | 14.8
Fighting       | 2 4 5 6 7 8 9 10 11 12 13 14 15 | 15.8
Maces & Flails | 2 3 4 6 8 9 10 11 12 13 14 | 14.5
Armour         | 2 4 5 6 |  6.0
Dodging        | 2 3 4 5 6 7 8 9 10 11 12 | 12.7
Evocations     | 2 3 4 5 6 |  6.0
Fire Magic     | 4 6 8 9 11 12 13 14 15 16 17 18 19 | 19.2
Stealth        | |  2.1
Transmutations | |  0.7

Action                   |  1- 3 |  4- 6 |  7- 9 | 10-12 | 13-15 | 16-18 | 19-21 | 22-24 || total
-------------------------+-------+-------+-------+-------+-------+-------+-------+-------++-------
Melee: Mace              |    63 |    34 |       |       |       |       |       |       ||    97
       Dagger            |       |   165 |   331 |   223 |       |       |       |       ||   719
       Short sword       |       |       |       |   261 |   197 |       |       |       ||   458
       Morningstar       |       |       |       |       |   695 |  1167 |   725 |   663 ||  3250
 Cast: Sandblast         |    13 |    21 |    42 |    84 |    31 |     9 |     6 |       ||   206
       Passwall          |       |     3 |       |       |       |       |       |       ||     3
       Lee's Rapid Decon |       |       |     4 |    56 |   111 |    95 |   195 |   112 ||   573
       Stone Arrow       |       |       |     3 |    35 |    21 |     3 |       |       ||    62
       Mephitic Cloud    |       |       |       |     5 |       |     3 |     4 |     2 ||    14
       Fireball          |       |       |       |    14 |    38 |    90 |    43 |    27 ||   212
       Bolt of Magma     |       |       |       |     3 |       |     5 |       |    19 ||    27
       Iron Shot         |       |       |       |       |    14 |   136 |   143 |   120 ||   413
       Shatter           |       |       |       |       |       |       |       |    17 ||    17
 Abil: Fly               |       |       |       |       |     1 |       |       |       ||     1
Evoke: Wand              |       |       |       |     7 |     7 |       |     2 |       ||    16
       Condenser vane    |       |       |       |     4 |     2 |     3 |     4 |     1 ||    14
       Box of beasts     |       |       |       |       |     2 |       |     1 |       ||     3
       Phantom mirror    |       |       |       |       |     1 |       |       |       ||     1
  Use: Scroll            |       |     9 |     4 |    12 |    23 |    19 |    25 |     7 ||    99
       Potion            |       |     2 |     7 |    14 |     4 |     7 |    10 |       ||    44
 Stab: Sleeping          |     2 |     5 |     2 |     5 |     4 |     3 |     2 |     1 ||    24
       Distracted        |       |     2 |       |       |       |       |     3 |       ||     5
       Confused          |       |       |       |     1 |       |     1 |     3 |       ||     5
       Paralysed         |       |       |       |       |     3 |       |       |       ||     3
Armor: Robe              |    21 |    60 |   108 |   312 |   363 |       |       |       ||   864
       Skin              |       |       |       |     8 |       |       |       |       ||     8
       Steam dragon scal |       |       |       |       |   251 |   938 |   496 |   297 ||  1982
Dodge: Dodged            |    49 |   130 |   229 |   432 |   834 |  1311 |   699 |   500 ||  4184

Table legend: (Time is in decaauts)
 A = Elapsed time spent in this place.
 B = Non-inter-level travel time spent in this place.
 C = Inter-level travel time spent in this place.
 D = Time resting spent in this place.
 E = Time spent auto-exploring this place.
 F = Levels seen in this place.
 G = Mean time per level.
                   A        B        C        D        E       F      G
               +--------+--------+--------+--------+--------+-----+--------+
         Total |  59266 |  54523 |   4743 |  13248 |  28822 |  45 | 1317.0 |
       Dungeon |  19457 |  17540 |   1917 |   3766 |   9662 |  15 | 1297.1 |
        Temple |      1 |      1 |      0 |      0 |      0 |   1 |    1.0 |
          Lair |   7853 |   7030 |    823 |   1226 |   4121 |   6 | 1308.8 |
         Swamp |   5028 |   4741 |    287 |   1115 |   2692 |   4 | 1257.0 |
     Snake Pit |   6566 |   5835 |    731 |   1701 |   3159 |   4 | 1641.5 |
  Orcish Mines |   2521 |   2338 |    183 |    331 |   1234 |   2 | 1260.5 |
   Elven Halls |   4798 |   4596 |    202 |   1475 |   2160 |   3 | 1599.3 |
        Vaults |   8245 |   7808 |    437 |   2254 |   3757 |   5 | 1649.0 |
         Crypt |   4083 |   3923 |    160 |   1217 |   1884 |   3 | 1361.0 |
        Bailey |    288 |    288 |      0 |    116 |      0 |   1 |  288.0 |
      Gauntlet |    421 |    421 |      0 |     43 |    150 |   1 |  421.0 |
               +--------+--------+--------+--------+--------+-----+--------+

Top non-repeatable levels by time:
Vaults:3: 2754 daAuts
 Snake:4: 2370 daAuts
   Elf:3: 2280 daAuts
    D:13: 2260 daAuts
    D:11: 2256 daAuts
Vaults:2: 2169 daAuts
    D:14: 2050 daAuts
   Orc:2: 2029 daAuts
Vaults:4: 1747 daAuts
  Lair:6: 1710 daAuts
 Crypt:1: 1622 daAuts
  Lair:1: 1601 daAuts
Vaults:1: 1567 daAuts
 Snake:2: 1503 daAuts
     D:9: 1450 daAuts
